 Dungeon Crawl Stone Soup version 0.19.5 (webtiles) character file.

57 equalderp2856 the Scratcher (level 3, -1/17 HPs)
             Began as a Felid Fighter on Mar 27, 2017.
             Slain by an orc priest
             ... wielding a +0 hand axe
              (8 damage)
             ... on level 3 of the Dungeon.
             The game lasted 00:06:47 (3023 turns).

equalderp2856 the Scratcher (Felid Fighter)         Turns: 3023, Time: 00:06:47

Health: -1/17      AC:  1    Str: 13    XL:     3   Next: 73%
Magic:  4/4        EV: 20    Int:  9    God:
Gold:   115        SH:  0    Dex: 15    Spells: 0 memorised, 2 levels left
                                        Lives:  0   Deaths: 1

rFire  . . .     SeeInvis +       - Unarmed
rCold  . . .     Gourm    .     (armour unavailable)
rNeg   . . .     Faith    .     (shield unavailable)
rPois  .         Spirit   .     (helmet unavailable)
rElec  .         Reflect  .     (cloak unavailable)
rCorr  .         Harm     .     (gloves unavailable)
MR     .....                    (boots unavailable)
Stlth  +++.......               (no amulet)
                                (no ring)
                                (no ring)

@: quick
A: no armour, no weapons or thrown items, stealth, claws 1, fangs 3, see
invisible, carnivore 3, speed 1, shaggy fur 1, slow metabolism 1, sharp paws
a: no special abilities


You were on level 3 of the Dungeon.
You were full.

You visited 1 branch of the dungeon, and saw 3 of its levels.

You collected 115 gold pieces.

Inventory:

Missiles
 j - 21 arrows
Scrolls
 c - a scroll of blinking {unknown}
 e - 2 scrolls of enchant armour {unknown}
 f - 4 scrolls of remove curse {unknown}
 g - a scroll of enchant weapon {unknown}
 h - a scroll of amnesia {unknown}
 i - 2 scrolls of teleportation {unknown}
 n - 2 scrolls of identify {unknown}
Potions
 a - a potion of might
 d - a potion of flight {unknown}
 k - a potion of magic {unknown}
 o - a potion of cancellation {unknown}
 p - a potion of heal wounds {unknown}
 q - a potion of curing {unknown}
Comestibles
 b - a meat ration
 m - a beef jerky


   Skills:
 + Level 3.2 Fighting
 + Level 4.8 Dodging
 + Level 2.4 Stealth
 + Level 5.3 Unarmed Combat


You had 2 spell levels left.
You didn't know any spells.

Dungeon Overview and Level Annotations

Branches:
Dungeon (3/15)

Altars:


Innate Abilities, Weirdness & Mutations

You cannot wear armour.
You are incapable of wielding weapons or throwing items.
Your paws allow you to move quietly. (Stealth)
You have sharp claws.
You have razor-sharp teeth.
You have supernaturally acute eyesight. (SInv)
You are carnivorous and can eat meat at any time.
You cover ground quickly.
You are covered in fur. (AC +1)
You have a slow metabolism.
Your sharp claws are effective at attacking unaware monsters.


Message History

You rejoin the land of the living...
Eating one of 2 chunks of flesh.
You start eating one of the 2 chunks of flesh.
This raw flesh tastes great.
Eating a chunk of flesh.
You start eating the chunk of flesh.
This raw flesh tastes great.
Found a plate armour.
A rat and an orc priest come into view.
Found a stone staircase leading down.
You see here a scroll labeled TITWOCUARGH.
The orc priest moves out of view.
Found an orange potion.
You see here a scroll labeled TITWOCUARGH.
The orc priest miscasts a cantrip.
The orc priest mumbles some strange prayers to Beogh against you.
Pain shoots through your body!
Ouch! That really hurt!
You barely miss the orc priest.
The orc priest hits you with a hand axe!
You die...

####################
.!.......?..o@.....#
##.........#.#####.#
#....[..##.#.# #.#
.....#..##...# #.#
..r.##..####.# #.#
.... o..####.#####.#
... .#.............#
.. .>#.########.####
#.#


You could see an orc priest.

Vanquished Creatures
  Terence (D:2)
  3 adders (D:2)
  2 worms
  2 leopard geckos
  6 bats
  3 giant cockroaches
  11 goblins
  10 hobgoblins
  A quokka (D:2)
  3 frilled lizards
  4 kobolds
  9 rats
55 creatures vanquished.

Notes
Turn   | Place    | Note
-------+----------+-------------------------------------------
     0 | D:1      | equalderp2856 the Felid Fighter began the quest for the Orb.
     0 | D:1      | Reached XP level 1. HP: 10/10 MP: 2/2
   362 | D:1      | Reached XP level 2. HP: 14/14 MP: 3/3
  1052 | D:1      | Reached skill level 1 in Stealth
  1280 | D:1      | Reached XP level 3. HP: 17/17 MP: 4/4
  1951 | D:2      | Noticed Terence
  1953 | D:2      | Killed Terence
  1953 | D:2      | Reached skill level 5 in Unarmed Combat
  1953 | D:2      | Reached XP level 4. HP: 21/21 MP: 5/5
  2942 | D:3      | Killed from afar by an orc priest
  2943 | D:3      | Reached XP level 3. HP: -8/17 MP: 4/4
  3023 | D:3      | Slain by an orc priest

Skill      XL: |  1  2  3  4 |
---------------+-------------+-----
Stealth        | 1 2 |  2.4
Unarmed Combat | 5 |  5.3
Fighting       | |  3.2
Dodging        | |  4.8

Action                   |  1- 3 |  4- 6 || total
-------------------------+-------+-------++-------
Melee: Unarmed           |    94 |    42 ||   136
       Bite              |     3 |     5 ||     8
       Punch             |     1 |     1 ||     2
 Stab: Sleeping          |     4 |     2 ||     6
  Eat: Chunk             |    11 |     2 ||    13
Armor: Skin              |     8 |       ||     8
Dodge: Dodged            |    87 |    34 ||   121
